 Dungeon Crawl Stone Soup version 0.19-a0-49-gb8736b8 (webtiles) character file.

592 M4edhros the Insei (level 7, 0/32 HPs)
             Began as an Octopode Necromancer on May 6, 2016.
             Splashed by a jelly's acid (6 damage)
             ... on level 7 of the Dungeon.
             The game lasted 00:09:48 (1325 turns).

M4edhros the Insei (Octopode Necromancer)           Turns: 1325, Time: 00:09:49

Health: 0/32       AC:  1    Str: 10    XL:     7   Next: 39%
Magic:  1/10       EV: 12    Int: 17    God:
Gold:   125        SH:  0    Dex: 14    Spells: 4 memorised, 3 levels left

rFire  . . .     SeeInvis .       - Unarmed
rCold  . . .     Gourm    .     (no shield)
rNeg   . . .     Faith    .     (helmet restricted)
rPois  .         Spirit   .     (no amulet)
rElec  .         Dismiss  .     d - +2 ring of strength
rCorr  .         Reflect  .     (no ring)
SustAt .         Harm     .     (no ring)
MR     .....                    (no ring)
Stlth  +++.......               (no ring)
                                (no ring)
                                (no ring)
                                (no ring)

@: corroded, regenerating (expiring), repel missiles, not resistant to hostile
enchantments, fairly stealthy
A: almost no armour, amphibious, 8 rings, constrict 8, iridescent scales 1,
camouflage 1, frail 2, screaming 1, gelatinous body 1, subdued magic 1
a: no special abilities


You were on level 7 of the Dungeon.
You were hungry.

You visited 1 branch of the dungeon, and saw 7 of its levels.

You collected 125 gold pieces.

Inventory:

Hand Weapons
 h - a +2 whip of pain
Magical Staves
 l - an uncursed staff of poison
Jewellery
 d - a +2 ring of strength (left tentacle)
 i - an uncursed ring of fire
Wands
 e - a wand of flame (22/48)
 j - a wand of acid (10/15)
 k - a wand of hasting (2/9)
Scrolls
 g - 2 scrolls of teleportation
 m - a scroll of amnesia {unknown}
Books
 a - a book of Necromancy

   Spells                             Type                      Level
   a - Pain                           Necromancy                   1
   b - Animate Skeleton               Necromancy                   1
   c - Vampiric Draining              Necromancy                   3
   d - Regeneration                   Charms/Necromancy            3
   e - Animate Dead                   Necromancy                   4
   f - Control Undead                 Necromancy                   4
 n - a book of Air

   Spells                             Type                      Level
   a - Shock                          Conjuration/Air              1
   b - Swiftness                      Charms/Air                   2
   c - Repel Missiles                 Charms/Air                   2
   d - Static Discharge               Conjuration/Air              3
   e - Lightning Bolt                 Conjuration/Air              5
Comestibles
 b - 2 bread rations
 c - a slice of pizza
 f - a royal jelly


   Skills:
 - Level 2.0 Dodging
 - Level 2.6 Stealth
 + Level 7.6 Unarmed Combat
 - Level 2.0 Spellcasting
 - Level 4.0 Necromancy


You had 3 spell levels left.
You knew the following spells:

 Your Spells              Type           Power        Failure   Level  Hunger
a - Pain                  Necr           ##..         2%          1    #......
b - Animate Skeleton      Necr           N/A          2%          1    #......
c - Repel Missiles        Chrm/Air       #.....       26%         2    ###....
r - Regeneration          Chrm/Necr      #.........   21%         3    ###....


Dungeon Overview and Level Annotations

Branches:
Dungeon (7/15)
 Temple: D:4-7

Altars:
Nemelex Xobeh

Annotations:
D:7 Menkaure


Innate Abilities, Weirdness & Mutations

You cannot wear most types of armour.
You are amphibious.
You can wear up to eight rings at the same time.
You can use your tentacles to constrict eight enemies at once.
Your skin changes colour to match your surroundings (Stealth).
Your rubbery body absorbs attacks (AC +1).
You are partially covered in iridescent scales (AC +4).
You are very frail (-20% HP).
You occasionally shout uncontrollably at your foes.
Your spells are a little easier to cast, but a little less powerful.


Message History

Aim: a jelly (lightly wounded, chance to defeat MR: 73%)
The jelly convulses in agony!
The jelly barely misses you.
Casting: Pain
Confirm with . or Enter, or press ? or * to list all spells.
Aiming: Pain
Press: ? - help, Shift-Dir - straight line, f/p - jelly
Aim: a jelly (lightly wounded, chance to defeat MR: 73%)
The jelly convulses in agony!
The jelly hits you.
You are splashed with acid!
The acid burns!
* * * LOW HITPOINT WARNING * * *
You aren't carrying any potions.
Casting: Pain
Confirm with . or Enter, or press ? or * to list all spells.
Aiming: Pain
Press: ? - help, Shift-Dir - straight line, f/p - jelly
Aim: a jelly (heavily wounded, chance to defeat MR: 73%)
The jelly struggles to resist.
The jelly hits you.
* * * LOW HITPOINT WARNING * * *
You are splashed with acid!
The acid burns!
You die...

#
##...##.###.............
#.##
##.####<.....#.......##.
.....#####..# #
###..#.........
...........###### ##
.........#.
M.....#..####...
.........##
..........###.#
#.........#
.......##.....## ......#
#......##### ......
#.####.J@..# ..... #.#
#####.# ..... ..# ..
.... .### ... .... # ...
.. .


You could see a jelly.

Vanquished Creatures
  2 sky beasts
  An ogre (D:4)
  3 wights (D:6)
  A jelly (D:5)
  2 iguanas (D:6)
  An orc wizard (D:6)
  2 worker ants (D:5)
  A hound skeleton (D:6)
  An adder (D:3)
  An ooze (D:4)
  A worm (D:3)
  5 orcs
  A ball python (D:4)
  2 bats (D:1)
  2 giant cockroaches
  A goblin (D:1)
  2 hobgoblins (D:1)
  2 quokkas (D:4)
  A giant newt (D:1)
  3 rats
35 creatures vanquished.

Notes
Turn   | Place    | Note
--------------------------------------------------------------
     0 | D:1      | M4edhros the Octopode Necromancer began the quest for the Orb.
     0 | D:1      | Reached XP level 1. HP: 11/11 MP: 3/3
    59 | D:1      | Reached skill level 1 in Unarmed Combat
   124 | D:1      | Reached XP level 2. HP: 5/17 MP: 3/5
   193 | D:3      | Found a faded altar to an unknown god.
   228 | D:3      | Reached skill level 2 in Unarmed Combat
   255 | D:3      | Learned a level 1 spell: Animate Skeleton
   319 | D:3      | Reached XP level 3. HP: 7/21 MP: 0/6
   326 | D:3      | Learned a level 3 spell: Regeneration
   361 | D:4      | Noticed an ogre
   373 | D:4      | Killed an ogre
   373 | D:4      | Reached skill level 4 in Unarmed Combat
   373 | D:4      | Reached XP level 4. HP: 25/27 MP: 2/7
   525 | D:4      | Reached XP level 5. HP: 31/31 MP: 8/8
   579 | D:5      | Entered Level 5 of the Dungeon
   668 | D:5      | Reached skill level 5 in Unarmed Combat
   767 | D:6      | Reached XP level 6. HP: 21/36 MP: 1/9
   946 | D:6      | Learned a level 2 spell: Repel Missiles
   970 | D:6      | Reached skill level 6 in Unarmed Combat
   983 | D:6      | Noticed a sky beast
   992 | D:6      | Killed a sky beast
   992 | D:6      | Reached XP level 7. HP: 32/41 MP: 5/10
   996 | D:6      | Gained mutation: You are clumsy. (Dex -2) [mutagenic meat]
   997 | D:6      | Gained mutation: Your spells are a little easier to cast, but a little less powerful. [mutagenic meat]
   998 | D:6      | Gained mutation: You are dopey. (Int -2) [mutagenic meat]
   999 | D:6      | Lost mutation: You are dopey. (Int -2) [mutagenic meat]
  1008 | D:6      | Found a sparkling altar of Nemelex Xobeh.
  1027 | D:6      | Reached skill level 7 in Unarmed Combat
  1051 | D:6      | Lost mutation: You are clumsy. (Dex -2) [helix card]
  1251 | D:7      | Gained mutation: You occasionally shout uncontrollably at your foes. [mutagenic meat]
  1252 | D:7      | Gained mutation: You are frail (-10% HP). [mutagenic meat]
  1253 | D:7      | Gained mutation: You are partially covered in iridescent scales (AC +4). [mutagenic meat]
  1254 | D:7      | Gained mutation: You are very frail (-20% HP). [mutagenic meat]
  1309 | D:7      | Noticed Menkaure
  1325 | D:7      | Splashed by a jelly's acid

Vault maps used:
D:1:      zelgadis_glass_arrival_small
D:2:      kennysheep_ying_yang
D:3:      nicolae_overflow_hidden_temple, ecumenical_altar_1, first_bread,
          uniq_sigmund
D:5:      uniq_grinder, uniq_prince_ribbit1
D:6:      nemelex_deck, minmay_temple_entry_statues_fountains
D:7:      lemuel_upstairs_altar, grunt_livestock, grunt_pakellas_salt,
          uniq_menkaure

Skill      XL: |  1  2  3  4  5  6  7 |
---------------+----------------------+-----
Unarmed Combat | 1 2 4 5 6 7 |  7.6
Dodging        | |  2.0
Stealth        | |  2.6
Spellcasting   | |  2.0
Necromancy     | |  4.0

Action                   |  1- 3 |  4- 6 |  7- 9 || total
-------------------------+-------+-------+-------++-------
Melee: Unarmed           |    11 |    24 |    22 ||    57
       Constrict         |     4 |    10 |     6 ||    20
       Tentacles         |     2 |    12 |     2 ||    16
       Whip              |     5 |     2 |       ||     7
       Dagger            |       |    22 |       ||    22
       Punch             |       |     3 |     1 ||     4
 Cast: Pain              |    21 |     7 |     6 ||    34
       Regeneration      |     1 |     9 |     8 ||    18
       Animate Skeleton  |       |     4 |     2 ||     6
       Repel Missiles    |       |     1 |       ||     1
Evoke: Wand              |     8 |    10 |     3 ||    21
       Deck              |       |       |     5 ||     5
  Use: Potion            |     3 |     1 |     1 ||     5
       Scroll            |     3 |     2 |       ||     5
 Stab: Sleeping          |     1 |     1 |       ||     2
  Eat: Chunk             |       |     2 |    12 ||    14
Armor: Skin              |     1 |     3 |       ||     4
Dodge: Dodged            |    10 |    20 |     6 ||    36
